 Dungeon Crawl Stone Soup version 0.30.1-9-gdf580d7c3d (webtiles) character file.

Game seed: 4249120662338651627

373 KittyFluff the Cudgeller (level 6, 0/58 HPs)
             Began as a Gargoyle Berserker on Oct 8, 2023.
             Was a Believer of Trog.
             Slain by Pikel
             ... wielding a +1 whip of freezing
              (10 damage)
             ... on level 4 of the Dungeon.
             The game lasted 00:11:25 (2649 turns).

KittyFluff the Cudgeller (Gargoyle Berserker)       Turns: 2649, Time: 00:11:26

Health: 0/58       AC:  8    Str: 22    XL:     6   Next: 71%
Magic:  6/6        EV: 12    Int:  8    God:    Trog [**....]
Gold:   197        SH:  0    Dex:  9    Spells: 5/5 levels left

rFire   . . .        a - +0 mace
rCold   . . .        (no shield)
rNeg    + . .        j - +0 leather armour
rPois   ∞            (no helmet)
rElec   +            (no cloak)
rCorr   .            (no gloves)
SInv    .            (no boots)
Will    .....        s - amulet of the acrobat Stlth
                     (no ring)
HPRegen 0.29/turn    (no ring)
MPRegen 0.10/turn

%: acrobat
@: berserking (expiring), very quick
A: sickness immunity, AC +4, negative energy resistance 1, electricity
resistance, torment resistance 1, petrification resistance
a: Renounce Religion, Berserk, Trog's Hand


You were on level 4 of the Dungeon.
You worshipped Trog.
Trog was pleased with you.
You visited 1 branch of the dungeon, and saw 4 of its levels.

You collected 197 gold pieces.

Inventory:

Hand Weapons
 a - a +0 mace (weapon)
 r - a +0 sling
Missiles
 g - 18 poisoned darts (quivered)
Armour
 j - a +0 leather armour (worn)
Jewellery
 s - an amulet of the acrobat (around neck)
Scrolls
 b - a scroll of enchant weapon {unknown}
 d - 2 scrolls of poison {unknown}
 f - 3 scrolls of teleportation {unknown}
 h - 2 scrolls of identify {unknown}
 m - a scroll of fear {unknown}
 n - a scroll of enchant armour {unknown}
 o - a scroll of immolation {unknown}
 p - a scroll of torment {unknown}
Potions
 c - a potion of degeneration {unknown}
 e - a potion of curing {unknown}
 i - a potion of flight {unknown}
 k - 2 potions of haste {unknown}
 l - 2 potions of brilliance {unknown}
 q - a potion of berserk rage {unknown}


   Skills:
 + Level 4.3 Fighting
 * Level 4.8 Maces & Flails
 * Level 4.7 Armour
 + Level 2.7 Dodging


You had 5 spell levels left.
You didn't know any spells.
Your spell library was empty.

Dungeon Overview and Level Annotations

Branches:
Dungeon (4/15)
 Temple: D:4-7

Altars:

Shops:
D:2 [

Annotations:
D:4 Pikel


Innate Abilities, Weirdness & Mutations

You are immune to sickness and miasma.
Your stone body is resilient. (AC +4)
You are immune to poison.
You resist negative energy. (rN+)
You are resistant to electric shocks. (rElec)
You are resistant to unholy torment.
You are immune to petrification.


Message History

You hit Pikel.
Pikel is moderately wounded.
You sock Pikel!
Pikel is heavily wounded.
Pikel hits you but does no damage.
You thump Pikel!
Pikel is severely wounded.
Pikel completely misses you.
You hit Pikel.
Pikel is severely wounded.
Pikel hits you with a +1 whip of freezing.
Pikel freezes you.
* * * LOW HITPOINT WARNING * * *
You completely miss Pikel.
Pikel is severely wounded.
You hit Pikel.
Pikel is severely wounded.
Pikel closely misses you.
You barely miss Pikel.
Pikel is severely wounded.
Pikel hits you with a +1 whip of freezing!
* * * LOW HITPOINT WARNING * * *
Pikel freezes you.
* * * LOW HITPOINT WARNING * * *
You closely miss Pikel.
Pikel is severely wounded.
Pikel closely misses you.
You closely miss Pikel.
Pikel is severely wounded.
You completely miss Pikel.
Pikel is severely wounded.
Pikel misses you.
You thump Pikel!
Pikel is almost dead.
Pikel closely misses you.
A rat comes into view.
You hit Pikel but do no damage.
Pikel is almost dead.
Pikel hits you with a +1 whip of freezing!
You die...

..# .# #.##.# .# #.##.#
># #.##.# .####.##.#
......##.########
.##.............#
.##.####.######.#####r..
..(.............@K5555..
.........############rr.
###)#..### # #)#..# #
#.#.<# ###.#..# .......#
#####.## # ###


You could see Pikel, 4 lemures and 3 rats.

Vanquished Creatures
  Grinder (D:3)
  An orc wizard (D:3)
  An iguana (D:4)
  5 adders
  A gnoll (D:1)
  3 worms
  3 orcs
  7 endoplasms
  7 giant cockroaches
  5 goblins
  5 hobgoblins
  2 jackals (D:2)
  4 quokkas
  3 ball pythons
  5 bats
  5 frilled lizards
  6 kobolds
  4 rats
68 creatures vanquished.

Notes
Turn   | Place    | Note
-------+----------+-------------------------------------------
     0 | D:1      | KittyFluff the Gargoyle Berserker began the quest for the
                  | Orb.
     0 | D:1      | Reached XP level 1. HP: 14/14 MP: 1/1
   105 | D:1      | Reached XP level 2. HP: 10/19 MP: 2/2
   304 | D:1      | Reached XP level 3. HP: 23/23 MP: 3/3
  1161 | D:2      | Found Tisap's Armour Emporium.
  1161 | D:2      | Noticed an animated plate armour
  1161 | D:2      | Noticed an animated pearl dragon scales
  1281 | D:2      | Found a faded altar of an unknown god.
  1458 | D:2      | Reached ** piety under Trog
  1459 | D:2      | Reached XP level 4. HP: 22/29 MP: 4/4
  1833 | D:3      | Noticed Grinder
  1853 | D:3      | Paralysed by Grinder for 4 turns
  1871 | D:3      | HP: 1/29 [Grinder (1)]
  1874 | D:3      | Killed Grinder
  1875 | D:3      | Reached XP level 5. HP: 3/33 MP: 5/5
  1875 | D:3      | Reached XP level 6. HP: 4/38 MP: 6/6
  2615 | D:4      | Noticed Pikel
  2649 | D:4      | Slain by Pikel

Illustrated notes

Levels and vault maps discovered:
D:1:      dpeg_arrival_solitude, layout_basic
D:2:      layout_rooms, dreamdust_ecumenical_altar_statues, serial_shops,
          nicolae_shop_mannequins
D:3:      layout_basic, uniq_grinder
D:4:      layout_loops_ring, elyvilon_altar_5, corexii_leaking_fountain,
          minmay_rat_hole, uniq_pikel

Skill      XL: |  1  2  3  4 |
---------------+-------------+-----
Armour         | 3 4 |  4.7
Dodging        | 2 |  2.7
Fighting       | 4 |  4.3
Maces & Flails | 4 |  4.8

Action                     |  1- 3 |  4- 6 || total
---------------------------+-------+-------++-------
  Melee: Mace              |   126 |   164 ||   290
  Throw: Dart              |       |     2 ||     2
 Invoke: Berserk           |     1 |     2 ||     3
 Armour: Animal skin       |    16 |       ||    16
         Leather armour    |    37 |    46 ||    83
  Dodge: Dodged            |   102 |   106 ||   208
